 Dungeon Crawl Stone Soup version 0.30.0-29-ga12c61a403 (webtiles) character file.

Game seed: 4626166693657529205

4742 jurchenman the Thaumaturge (level 10, -4/50 HPs)
             Began as a Deep Elf Conjurer on June 20, 2023.
             Was a Follower of Vehumet.
             Slain by a troll (13 damage)
             ... on level 10 of the Dungeon.
             The game lasted 00:33:43 (10059 turns).

jurchenman the Thaumaturge (Deep Elf Conjurer)     Turns: 10059, Time: 00:33:44

Health: -4/50      AC:  8    Str:  4    XL:     10   Next: 22%
Magic:  11/26      EV: 15    Int: 28    God:    Vehumet [*.....]
Gold:   522        SH:  0    Dex: 13    Spells: 9/30 levels left

rFire   + . .        g - staff of conjuration
rCold   . . .        (no shield)
rNeg    . . .        y - +2 robe {rF+}
rPois   +            A - +1 helmet "Xaawetui" {Slay+3}
rElec   .            E - +0 cloak
rCorr   .            (no gloves)
SInv    +            J - +0 pair of boots
Will    +....        (no amulet)
Stlth   ++           I - ring of poison resistance
HPRegen 0.28/turn    z - ring of see invisible
MPRegen 0.20/turn

%: no passive effects
@: no status effects
A: no striking features
a: Renounce Religion


You were on level 10 of the Dungeon.
You worshipped Vehumet.
Vehumet was aware of your devotion.
You visited 2 branches of the dungeon, and saw 11 of its levels.

You collected 522 gold pieces.

Inventory:

Hand Weapons
 e - a +0 short sword
 o - a +0 dagger of flaming
 x - a +2 dagger of venom
 D - a +1 dagger of electrocution
Missiles
 a - a throwing net
 i - 19 poisoned darts
 r - 96 stones
Armour
 y - a +2 robe of fire resistance (worn)
 A - the +1 helmet "Xaawetui" (worn) {Slay+3}
   (You found it on level 6 of the Dungeon)

   Slay:      It affects your accuracy & damage with ranged weapons and melee
   (+3).
 E - a +0 cloak (worn)
 J - a +0 pair of boots (worn)
Magical Staves
 g - a staff of conjuration (weapon)
Jewellery
 v - a +6 ring of strength
 z - a ring of see invisible (right hand)
 I - a ring of poison resistance (left hand)
Wands
 B - a wand of flame (22)
 G - a wand of paralysis (4)
Scrolls
 d - 3 scrolls of fear
 f - a scroll of silence
 p - a scroll of magic mapping
 t - 4 scrolls of teleportation
 C - 2 scrolls of blinking
 F - a scroll of enchant weapon
 K - a scroll of summoning {unknown}
Potions
 b - 2 potions of magic
 c - a potion of invisibility {unknown}
 h - a potion of lignification {unknown}
 j - a potion of curing
 k - a potion of mutation {unknown}
 l - a potion of haste {unknown}
 m - 2 potions of berserk rage
 n - a potion of ambrosia {unknown}
 q - 2 potions of heal wounds {unknown}
 s - a potion of cancellation {unknown}
 u - a potion of might {unknown}
 w - a potion of brilliance {unknown}
 H - a potion of flight {unknown}


   Skills:
 - Level 8.0 Dodging
 - Level 2.4 Stealth
 + Level 10.6 Spellcasting
 + Level 9.7 Conjurations
 - Level 6.0 Hexes
 + Level 6.2 Translocations
 + Level 2.7 Fire Magic


You had 9 spell levels left.
You knew the following spells:

 Your Spells              Type           Power      Damage    Failure   Level
a - Magic Dart            Conj           100%       1d8       1%          1
b - Searing Ray           Conj           100%       2d8       1%          2
c - Dazzling Flash        Conj/Hex       100%       N/A       1%          3
d - Fulminant Prism       Conj/Hex       36%        3d17      1%          4
e - Iskenderun's Mystic   Conj/Tloc      73%        2d15      1%          4
f - Blink                 Tloc           98%        N/A       1%          2
g - Momentum Strike       Conj/Tloc      100%       3d10      1%          2
h - Volatile Blastmotes   Fire/Tloc      78%        2d16      1%          3

Your spell library contained the following spells:

 Spells                   Type           Power      Damage    Failure   Level
 Shock                    Conj/Air       100%       1d9       1%          1
 Lesser Beckoning         Tloc           98%        N/A       1%          2
 Summon Forest            Summ/Tloc      16%        N/A       28%         5
 Summon Mana Viper        Hex/Summ       31%        N/A       30%         5
 Starburst                Conj/Fire      32%        6d10      41%         6
 Summon Cactus Giant      Summ           7%         N/A       99%         6


Dungeon Overview and Level Annotations

Branches:
Dungeon (10/15)            Temple (1/1) D:5
   Lair: D:8-11         Orc: D:9-12

Altars:
Ashenzari
Cheibriados
Dithmenos
Elyvilon
Fedhas
Gozag
Hepliaklqana
Kikubaaqudgha
Makhleb
Nemelex Xobeh
Okawaru
Qazlal
Ru
Sif Muna
Trog
Uskayaw
Vehumet
Wu Jian
Yredelemnul
Zin
The Shining One

Shops:
D:7 (


Message History

Casting: Fulminant Prism (dangerous; 1% risk of failure)
Confirm with . or Enter, or press ? or * to list all spells.
Aiming: Momentum Strike (safe; 1% risk of failure)
Press: ? - help, Dir - move target, f - troll
Aim: a troll (lightly wounded, 78% to hit)
You feel a surge of power!
The concentrated momentum misses the troll.
Casting: Momentum Strike (safe; 1% risk of failure)
Confirm with . or Enter, or press ? or * to list all spells.
Aiming: Searing Ray (safe; 1% risk of failure)
Press: ? - help, Shift-Dir - straight line, f/p - troll
Aim: a troll (lightly wounded, 83% to hit)
You feel a surge of power!
The searing ray hits the troll!
The troll is moderately wounded. (Press . to maintain the ray.)
The searing ray hits the troll.
The troll is heavily wounded.
The searing ray hits the troll.
The troll is severely wounded.
The troll barely misses you. The troll claws you! The troll claws you.
The searing ray hits the troll!
The troll is almost dead.
You finish channelling your searing ray.
The troll closely misses you. The troll claws you! The troll claws you.
Casting: Searing Ray (safe; 1% risk of failure)
Confirm with . or Enter, or press ? or * to list all spells.
Aiming: Searing Ray (safe; 1% risk of failure)
Press: ? - help, Shift-Dir - straight line, f/p - troll
Aim: a troll (almost dead, 83% to hit)
You feel a surge of power!
The searing ray hits the troll.
The troll is almost dead. (Press . to maintain the ray.)
The troll bites you! The troll claws you. The troll claws you!
* * * LOW HITPOINT WARNING * * *
The searing ray misses the troll.
The troll barely misses you. x2
The troll closely misses you.
The searing ray hits the troll.
The troll is almost dead.
The troll bites you!
You die...

# #. #.. ..
##.#.########.#
.......).T@...#
###.##.#.....#
#.#.###.....
#.#.# #.#. #.#[#
.. #...# .#.
##..### #.#
########....##..
.........##.#.#
#


You could see a troll.

Vanquished Creatures
  A two-headed ogre (D:8)
  A kobold demonologist (D:10)
  A troll (D:10)
  2 wraiths (D:9)
  A shadow (D:9)
  A wyvern (D:10)
  A basilisk (D:9)
  2 steam dragons (D:9)
  4 vampire mosquitoes
  Menkaure (D:7)
  Duvessa (D:5)
  3 orc warriors
  3 centaurs
  An ogre (D:7)
  A kobold brigand (D:7)
  A bullfrog (D:7)
  2 scorpions
  4 wights (D:9)
  Dowan (D:5)
  3 killer bees (D:10)
  2 jellies
  A hound (D:6)
  3 orc priests
  A gnoll bouda (D:5)
  2 sleepcaps
  8 orc wizards
  3 iguanas
  3 gnolls (D:5)
  4 adders
  A white imp (D:8)
  An ufetubus (D:5)
  A worm (D:2)
  2 dart slugs (D:2)
  28 orcs
  12 bats
  8 endoplasms
  6 giant cockroaches
  7 goblins
  4 hobgoblins
  3 jackals (D:3)
  15 kobolds
  6 quokkas
  6 ball pythons
  3 frilled lizards
  4 rats
169 creatures vanquished.

Vanquished Creatures (others)
  2 fulminant prisms (D:10)
2 creatures vanquished.

Grand Total: 171 creatures vanquished

Notes
Turn   | Place    | Note
-------+----------+-------------------------------------------
     0 | D:1      | jurchenman the Deep Elf Conjurer began the quest for the
                  | Orb.
     0 | D:1      | Reached XP level 1. HP: 10/10 MP: 6/6
   359 | D:1      | Reached XP level 2. HP: 15/15 MP: 4/8
   362 | D:1      | Learned a level 2 spell: Searing Ray
  1129 | D:1      | Reached skill level 4 in Spellcasting
  1223 | D:1      | Reached XP level 3. HP: 19/19 MP: 7/10
  1227 | D:1      | Learned a level 3 spell: Dazzling Flash
  1313 | D:1      | Reached skill level 5 in Conjurations
  1692 | D:2      | Reached skill level 1 in Hexes
  2035 | D:2      | Reached XP level 4. HP: 24/24 MP: 5/12
  3073 | D:3      | Found a faded altar of an unknown god.
  3309 | D:3      | Learned a level 4 spell: Fulminant Prism
  3339 | D:4      | Reached skill level 5 in Spellcasting
  3339 | D:4      | Reached XP level 5. HP: 28/28 MP: 7/14
  3756 | D:4      | Found a radiant altar of Vehumet.
  3765 | D:4      | Became a worshipper of Vehumet
  4143 | D:5      | Entered Level 5 of the Dungeon
  4255 | D:5      | Noticed Duvessa
  4255 | D:5      | Noticed Dowan
  4563 | D:5      | Found a staircase to the Ecumenical Temple.
  4572 | Temple   | Entered the Ecumenical Temple
  4767 | D:5      | Reached XP level 6. HP: 32/32 MP: 8/16
  5213 | D:5      | Killed Duvessa
  5214 | D:5      | Reached skill level 6 in Spellcasting
  5293 | D:5      | Killed Dowan
  5546 | D:6      | Found a snail-covered altar of Cheibriados.
  5709 | D:6      | Reached XP level 7. HP: 36/36 MP: 11/18
  6214 | D:6      | Identified the +1 helmet "Xaawetui" {Slay+3}
  6639 | D:7      | Reached skill level 5 in Hexes
  6853 | D:7      | Noticed Menkaure
  6858 | D:7      | Killed Menkaure
  6859 | D:7      | Reached skill level 7 in Spellcasting
  7085 | D:7      | Reached skill level 5 in Dodging
  7085 | D:7      | Reached XP level 8. HP: 41/41 MP: 13/20
  7158 | D:7      | Found Miggoet's Weapon Shop.
  7286 | D:7      | Identified the +4 mace "Gify" {antimagic, rN+ Dex-3 Stlth+}
  7498 | D:8      | Learned a level 4 spell: Iskenderun's Mystic Blast
  7498 | D:8      | Noticed a two-headed ogre
  7508 | D:8      | Killed a two-headed ogre
  7509 | D:8      | Reached skill level 8 in Spellcasting
  7517 | D:8      | Learned a level 2 spell: Blink
  7974 | D:8      | Reached XP level 9. HP: 45/45 MP: 18/23
  8169 | D:8      | Reached * piety under Vehumet
  8169 | D:8      | Offered knowledge of Shock by Vehumet.
  8253 | D:8      | Learned a level 2 spell: Momentum Strike
  8517 | D:9      | Reached skill level 9 in Spellcasting
  8979 | D:9      | Reached skill level 5 in Translocations
  9315 | D:9      | Reached skill level 10 in Spellcasting
  9365 | D:9      | Learned a level 3 spell: Volatile Blastmotes
  9494 | D:10     | Entered Level 10 of the Dungeon
  9517 | D:9      | Reached skill level 1 in Fire Magic
  9745 | D:10     | Noticed a troll
  9751 | D:10     | Killed a troll
  9752 | D:10     | Reached XP level 10. HP: 50/50 MP: 18/26
  9994 | D:10     | Noticed a rust devil
 10059 | D:10     | Slain by a troll

Illustrated notes

Levels and vault maps discovered:
D:1:      dpeg_arrival_water_fire, layout_basic, nicolae_figureground_sparkle
D:2:      layout_rooms
D:3:      layout_basic, shapermc_ecumenical_altar_starsandcircs, st_stairs_10
D:4:      layout_gridville, mainiacjoe_overflow_paths, minmay_stone_trees_small
D:5:      layout_cave_pools, minmay_temple_entry_drinking_statues,
          serial_rivers, chequers_serial_rivers_small_3,
          chequers_serial_rivers_micro_e, chequers_serial_rivers_micro_c,
          chequers_serial_rivers_micro_a, chequers_serial_rivers_marsh,
          chequers_serial_rivers_room_a, uniq_duvessa
D:6:      layout_loops_corners, mainiacjoe_overflow_tiny_flanked,
          nicolae_figureground_pulse
D:7:      layout_cave_pools, serial_shops, nicolae_shop_tiny_real_fake_doors,
          hex_large, uniq_menkaure
D:8:      layout_cave_pools
D:9:      layout_basic
D:10:     layout_loops_ring, mainiacjoe_overflow_boulevard
Temple:   nicolae_temple_bog_church

Skill      XL: |  1  2  3  4  5  6  7  8  9 10 |
---------------+-------------------------------+-----
Spellcasting   | 4 5 6 7 8 10 | 10.6
Conjurations   | 5 6 7 8 9 |  9.7
Hexes          | 1 2 3 4 5 6 |  6.0
Dodging        | 3 5 6 8 |  8.0
Translocations | 3 5 6 |  6.2
Fire Magic     | 1 2 |  2.7
Stealth        | |  2.4

Action                     |  1- 3 |  4- 6 |  7- 9 | 10-12 || total
---------------------------+-------+-------+-------+-------++-------
   Cast: Magic Dart        |    78 |   127 |    96 |     2 ||   303
         Searing Ray       |     2 |    11 |    41 |     9 ||    63
         Momentum Strike   |       |       |     7 |     4 ||    11
         Fulminant Prism   |       |       |     1 |     1 ||     2
         Blink             |       |       |     1 |       ||     1
         Iskenderun's Myst |       |       |       |     1 ||     1
    Use: Scroll            |     4 |     5 |     6 |       ||    15
         Potion            |       |       |     1 |       ||     1
 Armour: Robe              |     2 |     2 |     6 |     3 ||    13
  Dodge: Dodged            |     3 |     7 |    50 |    18 ||    78
